 Dungeon Crawl Stone Soup version 0.16.2-2-g470672f (webtiles) character file.

45 hannobal the Sneak (level 3, -2/24 HPs)
             Began as an Octopode Assassin on Aug 31, 2015.
             Hit by a tomahawk thrown by an orc (7 damage)
             ... on level 3 of the Dungeon.
             The game lasted 00:06:35 (1912 turns).

hannobal the Sneak (Octopode Assassin)              Turns: 1912, Time: 00:06:35

Health: -2/24      AC:  1    Str: 10    XL:     3   Next: 64%
Magic:  3/3        EV: 12    Int: 13    God:
Gold:   98         SH:  0    Dex: 14    Spells: 0 memorised, 2 levels left

rFire  . . .     SeeInvis .       - Unarmed
rCold  . . .     Clarity  .     (no shield)
rNeg   . . .     SustAb   .     (helmet restricted)
rPois  .         Gourm    .     (no amulet)
rElec  .         Spirit   .     p - ring of wizardry
rCorr  .         Warding  .     (no ring)
rMut   .         Stasis   .     (no ring)
MR     .....                    (no ring)
Stlth  ++++......               (no ring)
                                (no ring)
                                (no ring)
                                (no ring)

@: not resistant to hostile enchantments, stealthy
A: almost no armour, amphibious, 8 rings, constrict 8, camouflage 1, gelatinous
body 1
a: no special abilities


You were on level 3 of the Dungeon.
You were not hungry.

You visited 1 branch of the dungeon, and saw 3 of its levels.

You collected 98 gold pieces.

Inventory:

Hand weapons
 b - a +0 blowgun
 c - a +0 whip
 g - a +2 dagger
 u - a +0 hunting sling
Missiles
 i - 60 stones
 j - 2 javelins (quivered)
 q - 29 arrows
 r - 14 poisoned sling bullets
 t - 14 steel bolts
Jewellery
 m - an uncursed ring of fire
 p - a ring of wizardry (left tentacle)
Scrolls
 l - a scroll of identify
 o - 2 scrolls of teleportation
Potions
 n - a potion of curing
Comestibles
 a - 4 bread rations {@e1}
 d - 4 meat rations {@e2}
 f - 2 chunks of flesh {@w0}
 h - a beef jerky
 k - a slice of pizza


   Skills:
 - Level 2.0 Fighting
 - Level 2.0 Short Blades
 - Level 2.0 Throwing
 - Level 1.0 Dodging
 - Level 5.3 Stealth
 + Level 3.1 Unarmed Combat


You had 2 spell levels left.
You didn't know any spells.

Dungeon Overview and Level Annotations

Branches:
Dungeon (3/15)

Altars:
Cheibriados
Zin


Innate Abilities, Weirdness & Mutations

You cannot wear most types of armour.
You are amphibious.
You can wear up to eight rings at the same time.
You can use your tentacles to constrict many enemies at once.
Your skin changes colour to match your surroundings (Stealth).
Your rubbery body absorbs attacks (AC +1).


Message History

You are too injured to fight recklessly!
Really attack while wielding your +0 blowgun?
Unknown command.
Unknown command.
You are now empty-tentacled.
You closely miss the orc. You grab the orc.
You constrict the orc, but do no damage.
The orc hits you.
You tentacle-slap the orc.
The orc is lightly wounded.
You constrict the orc. The orc hits you.
You tentacle-slap the orc.
The orc is moderately wounded.
You constrict the orc. The orc closely misses you.
You tentacle-slap the orc.
You kill the orc!
The orc throws a tomahawk.
The tomahawk hits you.
* * * LOW HITPOINT WARNING * * *
The orc throws a tomahawk.
The tomahawk hits you!
You die...

.......# . #
##....### ..#
#.#.......####...#
#.......#.........
###.......>[.......
#.#..##o.((.....(
#.#.###[##(......
#.#.###(# ..(...
#.....@.# ..(((
###.##### ....
######## ##.##### .
.......# #......#
#.#.##.#####..#......
#.#.##.##........#.##
#.#.......##.#...# ..
#.####.#####.#...#
#.# #.# #.##....


You could see an orc.

Vanquished Creatures
  2 giant geckos
  3 orcs (D:3)
  3 bats
  4 goblins (D:1)
  6 hobgoblins
  5 jackals (D:1)
  9 kobolds
  2 ball pythons
  A giant newt (D:2)
  3 rats
38 creatures vanquished.

Notes
Turn   | Place    | Note
--------------------------------------------------------------
     0 | D:1      | hannobal, the Octopode Assassin, began the quest for the Orb.
     0 | D:1      | Reached XP level 1. HP: 14/14 MP: 1/1
   108 | D:1      | Reached skill level 1 in Unarmed Combat
   303 | D:1      | Reached XP level 2. HP: 19/19 MP: 2/2
  1069 | D:2      | Reached XP level 3. HP: 21/24 MP: 3/3
  1471 | D:2      | Found a snail-covered altar of Cheibriados.
  1692 | D:2      | Found a glowing silver altar of Zin.
  1912 | D:3      | Hit by a tomahawk thrown by an orc

Action                   || total
-------------------------++-------
Melee: Dagger            ||     7
       Unarmed           ||    32
 Fire: Blowgun           ||    74
Throw: Javelin           ||     2
       Stone             ||    13
  Use: Scroll            ||     9
       Potion            ||     5
 Stab: Sleeping          ||    14
       Distracted        ||     1
  Eat: Chunk             ||     3
